 Dungeon Crawl Stone Soup version 0.29-a0-823-gc37b1572da (webtiles) character file.

Game seed: 17222672325926852334

9 zeratav the Insei (level 2, -1/18 HPs)
             Began as an Octopode Transmuter on July 8, 2022.
             Slain by a goblin
             ... wielding a +0 club
              (3 damage)
             ... on level 1 of the Dungeon.
             The game lasted 00:00:41 (527 turns).

zeratav the Insei (Octopode Transmuter)              Turns: 527, Time: 00:00:41

Health: -1/18      AC:  1    Str:  9    XL:     2   Next: 12%
Magic:  4/5        EV: 13    Int: 15    God:
Gold:   84         SH:  0    Dex: 12    Spells: 4/5 levels left

rFire   . . .      SeeInvis .     - Unarmed
rCold   . . .      Faith    .   (no shield)
rNeg    . . .      Spirit   .   (helmet currently unavailable)
rPois   .          Reflect  .   (no amulet)
rElec   .          Harm     .   (no ring)
rCorr   .          Rampage  .   (no ring)
Will    .....                   (no ring)
Stlth   ++........              (no ring)
HPRegen 0.06/turn               (no ring)
MPRegen 0.09/turn               (no ring)
                                (no ring)
                                (no ring)

@: appendages (expiring)
A: tentacle spike 3, almost no armour, amphibious, 8 rings, camouflage 1,
gelatinous body 1, (nimble swimmer 1), tentacles
a: End Transformation


You were on level 1 of the Dungeon.
One of your tentacles had grown a beastly spike.
You visited 1 branch of the dungeon, and saw 1 of its levels.

You collected 84 gold pieces.


Innate Abilities, Weirdness & Mutations

One of your tentacles has grown a beastly spike.
You cannot wear most types of armour.
You are amphibious.
You can wear up to eight rings at the same time.
Your skin changes colour to match your surroundings (Stealth+).
Your rubbery body absorbs attacks. (AC +1, EV +1)
((You are camouflaged when in or above water. (Stealth+)))
You have tentacles for arms and can constrict up to eight enemies at once.


   Skills:
 - Level 1.0 Fighting
 - Level 2.0 Dodging
 - Level 3.0 Unarmed Combat
 - Level 2.0 Spellcasting
 + Level 2.8 Transmutations


You had 4 spell levels left.
You knew the following spells:

 Your Spells              Type           Power      Damage    Failure   Level
a - Beastly Appendage     Tmut           18%        N/A       7%          1

Your spell library contained the following spells:

 Spells                   Type           Power      Damage    Failure   Level
 Wereblood                Tmut           9%         N/A       11%         2
 Spider Form              Tmut/Pois      5%         N/A       36%         3
 Ice Form                 Ice/Tmut       5%         N/A       77%         4

Inventory:

Scrolls
 b - 2 scrolls of teleportation {unknown}
 c - a scroll of identify {unknown}
Potions
 a - 2 potions of lignification {!q}
 d - a potion of ambrosia {unknown}
 e - a potion of cancellation {unknown}

Dungeon Overview and Level Annotations

Branches:
Dungeon (1/15) Zot: 5472

Altars:

Shops:
D:1

? ..# #.###.###.# ..# #.#
#.....# .## ##.#########.#
.# #...# #.# .# #...# #.#
### .# #...# #.# .. .#
#####...##### #.# .#
#####...........####.##.###.
................@g..........
..###...........##......##
..#
#####...#####....)..###..
..# #...# #............ ..#
#...# #.......##### ..#
#...# ##....#.# >.# ##.##
#......# .## .# #.#.##.# .#
#.#.# .#


You could see a goblin.


Message History

No target in view!
No target in view!
No target in view!
No target in view!
No target in view!
No target in view!
No target in view!
Your transformation is almost over.
You now have 69 gold pieces (gained 17).
Your tentacle spike disappears.
You now have 72 gold pieces (gained 3).
Found Gynapt's Magic Scroll Boutique.
MP[+1]
Your mp is fully restored (3).
There is an entrance to Gynapt's Magic Scroll Boutique here.
You can access your shopping list by pressing '$'.
You now have 84 gold pieces (gained 12).
There is an entrance to Gynapt's Magic Scroll Boutique here.
There is a stone staircase leading down here.
A kobold comes into view. It is wielding a +0 dagger.
One of your tentacles grows a vicious spike.
The kobold shouts!
The kobold throws a stone.
The stone barely misses you.
MP[-1]
You lost 1 mp, and now have 2/3 mp.
A hobgoblin comes into view.
A bat comes into view.
The bat moves out of view.
The hobgoblin shouts!
The kobold hits you with a +0 dagger.
HP[-3]
You take 3 damage, and now have 10/13 hp.
MASSIVE DAMAGE!! (PAUSE)
You barely miss the kobold. Your grab misses the kobold.
You pierce the kobold.
You kill the kobold!
You have reached level 2!
HP[+4] MP[+1]
You now have 18 max hp (+5).
You regained 4 hp, and now have 14/18 hp.
The bat barely misses you.
A goblin comes into view. It is wielding a +0 club.
The goblin shouts!
You tentacle-slap the hobgoblin. You grab the hobgoblin.
You constrict the hobgoblin. The bat hits you but does no damage.
The hobgoblin hits you.
* * * LOW HITPOINT WARNING * * *
You are too injured to fight recklessly!
HP[-5]
You take 5 damage, and now have 9/18 hp.
MASSIVE DAMAGE!! (PAUSE)
You are too injured to fight recklessly!
You are too injured to fight recklessly!
You are too injured to fight recklessly!
You are too injured to fight recklessly!
You are too injured to fight recklessly!
You are too injured to fight recklessly!
You are too injured to fight recklessly!
You are too injured to fight recklessly!
You are too injured to fight recklessly!
You are too injured to fight recklessly!
You are too injured to fight recklessly!
You are too injured to fight recklessly!
You are too injured to fight recklessly!
You are too injured to fight recklessly!
You are too injured to fight recklessly!
You are too injured to fight recklessly!
You release your grip on the hobgoblin.
The bat hits you.
* * * LOW HITPOINT WARNING * * *
HP[-1]
You take 1 damage, and now have 8/18 hp.
The bat attacks as you move away! The bat misses you.
The bat closely misses you. The hobgoblin attacks as you move away!
The hobgoblin barely misses you.
Your transformation is almost over.
The bat closely misses you.
HP[+1] MP[+1]
You tentacle-slap the bat. Your grab misses the bat. The bat misses you.
You tentacle-slap the hobgoblin. You grab the hobgoblin.
You pierce the hobgoblin.
You kill the hobgoblin!
The bat barely misses you. The bat hits you.
* * * LOW HITPOINT WARNING * * *
HP[-1]
You take 1 damage, and now have 8/18 hp.
You tentacle-slap the bat but do no damage.
You grab the bat.
You pierce the bat.
You kill the bat!
The goblin hits you with a +0 club.
* * * LOW HITPOINT WARNING * * *
HP[-2]
You take 2 damage, and now have 6/18 hp.
The goblin attacks as you move away! The goblin hits you with a +0 club.
* * * LOW HITPOINT WARNING * * *
HP[-4]
You take 4 damage, and now have 2/18 hp.
MASSIVE DAMAGE!! (PAUSE)
You miss the goblin. You grab the goblin. You constrict the goblin.
The goblin hits you with a +0 club.
You die...

Action                   || total
-------------------------++-------
Melee: Unarmed           ||    17
       Kick              ||     6
       Constrict         ||     7
       Tentacles         ||     3
 Cast: Beastly Appendage ||     5
 Stab: Sleeping          ||     1
Armor: Skin              ||     1
Dodge: Dodged            ||    11

Levels and vault maps discovered:
D:1:      wheals_arrival_linesprint, layout_loops_cross, serial_shops, shop

Notes
Turn   | Place    | Note
-------+----------+-------------------------------------------
     0 | D:1      | zeratav the Octopode Transmuter began the quest for the
                  | Orb.
     0 | D:1      | Reached XP level 1. HP: 13/13 MP: 3/3
     0 | D:1      | magus.rc [v1.9.6]
   431 | D:1      | Found Gynapt's Magic Scroll Boutique.
   515 | D:1      | Reached XP level 2. HP: 14/18 MP: 3/5
   526 | D:1      | HP: 2/18 [goblin/+0 club (4)]
   527 | D:1      | Slain by a goblin

Vanquished Creatures
  3 hobgoblins (D:1)
  A kobold (D:1)
  A bat (D:1)
  3 frilled lizards (D:1)
  A rat (D:1)
9 creatures vanquished.

Table legend:
 A = Non-vault XP
 B = Vault XP
 C = Vault XP percentage of total XP
 D = Non-vault monster count
 E = Vault monster count
 F = Vault count percentage of total count
                 A         B        C        D         E       F
            +---------+---------+-------+---------+---------+-------
      Total |      13 |       0 |   0.0 |       9 |       0 |   0.0
            +---------+---------+-------+---------+---------+-------
        D:1 |      13 |       0 |   0.0 |       9 |       0 |   0.0
            +---------+---------+-------+---------+---------+-------

Illustrated notes

Table legend:
 A = Kills in this place as a percentage of kills in entire the game.
 B = Kills by you in this place as a percentage of kills by you in the entire game.
 C = Kills by friends in this place as a percentage of kills by friends in the entire game.
 D = Other kills in this place as a percentage of other kills in the entire game.
 E = Experience gained in this place as a percentage of experience gained in the entire game.
 F = Experience gained in this place divided by the number of levels of this place that you have seen.
                   A       B       C       D       E      F
               +-------+-------+-------+-------+-------+----------------------
         Total | 100.0 | 100.0 |   N/A |   N/A | 100.0 |  13.0
       Dungeon | 100.0 | 100.0 |   N/A |   N/A | 100.0 |  13.0
               +-------+-------+-------+-------+-------+----------------------

Table legend: (Time is in decaauts)
 A = Elapsed time spent in this place.
 B = Non-inter-level travel time spent in this place.
 C = Inter-level travel time spent in this place.
 D = Time resting spent in this place.
 E = Time spent auto-exploring this place.
 F = Levels seen in this place.
 G = Mean time per level.
                   A        B        C        D        E       F      G
               +--------+--------+--------+--------+--------+-----+--------+
         Total |    526 |    526 |      0 |      0 |    467 |   1 |  526.0 |
       Dungeon |    526 |    526 |      0 |      0 |    467 |   1 |  526.0 |
               +--------+--------+--------+--------+--------+-----+--------+

Top non-repeatable levels by time:
     D:1: 526 daAuts
